 Dungeon Crawl Stone Soup version 0.25-a0-388-g41a7e554cb (webtiles) character file.

Game seed: 18039795935718763311, levelgen mode: deterministic

22 Borgoz the Skirmisher (level 2, -1/19 HPs)
             Began as a Gargoyle Berserker on Jan 7, 2020.
             Was a Follower of Trog.
             Slain by a giant cockroach (2 damage)
             ... on level 2 of the Dungeon.
             The game lasted 00:00:40 (840 turns).

Borgoz the Skirmisher (Gargoyle Berserker)           Turns: 840, Time: 00:00:40

Health: -1/19      AC:  6    Str: 20    XL:     2   Next: 91%
Magic:  2/2        EV: 12    Int:  7    God:    Trog [*.....]
Gold:   52         SH:  0    Dex:  9    Spells: 1/1 levels left

rFire    . . .     SeeInvis .   a - +0 mace
rCold    . . .     Gourm    .   (no shield)
rNeg     + . .     Faith    .   b - +0 animal skin
rPois    ∞         Spirit   .   (no helmet)
rElec    +         Reflect  .   (no cloak)
rCorr    .         Harm     .   i - +0 pair of gloves
MR       .....                  (no boots)
Stlth    +.........             (no amulet)
HPRegen  0.06/turn              (no ring)
MPRegen  0.08/turn              (no ring)

@: no status effects
A: negative energy resistance 1, electricity resistance, unbreathing,
petrification resistance, rot immunity, AC +2
a: Berserk, Renounce Religion


You were on level 2 of the Dungeon.
You worshipped Trog.
Trog was aware of your devotion.
You were not hungry.

You visited 1 branch of the dungeon, and saw 2 of its levels.

You collected 52 gold pieces.

Inventory:

Hand Weapons
 a - a +0 mace (weapon)
Armour
 b - a +0 animal skin (worn)
 i - a +0 pair of gloves (worn)
Jewellery
 f - an uncursed ring of ice {unknown}
 m - a cursed ring of teleportation {unknown}
Scrolls
 d - a scroll of noise {unknown}
 e - a scroll of remove curse {unknown}
 j - a scroll of enchant armour {unknown}
 k - 3 scrolls of amnesia {unknown}
 l - 5 scrolls of identify {unknown}
 n - 2 scrolls of magic mapping {unknown}
Potions
 g - 2 potions of curing {unknown}
 h - a potion of berserk rage {unknown}
 p - a potion of mutation {unknown}
Comestibles
 c - 2 rations


   Skills:
 + Level 3.5 Fighting
 * Level 3.4 Maces & Flails
 + Level 2.5 Armour
 + Level 1.8 Dodging


You had one spell level left.
You didn't know any spells.
Your spell library was empty.

Dungeon Overview and Level Annotations

Branches:
Dungeon (2/15)

Altars:

Annotations:
D:2 Jessica


Innate Abilities, Weirdness & Mutations

You are resistant to torment.
Your stone body is resilient. (AC +2)
You are immune to poison.
You resist negative energy. (rN+)
You are resistant to electric shocks. (rElec)
You can survive without breathing.
You are immune to petrification.
You are immune to rotting.


Message History

Jessica zaps a wand.
The puff of flame hits you! The bat misses you.
An adder comes into view.
Jessica mumbles some strange words.
Jessica blinks!
You barely miss the bat. The bat hits you but does no damage.
The bat closely misses you.
A hobgoblin comes into view. It is wielding a +0 club.
You thump the bat!
You kill the bat!
Trog accepts your kill.
Jessica zaps a wand.
The puff of flame hits you.
You are too injured to fight recklessly!
You are too injured to fight recklessly!
You are too injured to fight recklessly!
Jessica zaps a wand.
The puff of flame hits you!
* * * LOW HITPOINT WARNING * * *
The giant cockroach closely misses you.
You hit the giant cockroach but do no damage.
The giant cockroach bites you.
You die...

...... ......#
.......##
........#
......g.#
.........#
#......@Ss#
#........@##
#..........###
#............#
#..........###
#.........##
#.........#
.......<.##
.##.....##
##.####


You could see an adder, Jessica, a giant cockroach and a hobgoblin.

Vanquished Creatures
  3 dart slugs (D:1)
  4 bats
  A giant cockroach (D:1)
  A goblin (D:1)
  2 hobgoblins (D:1)
  2 kobolds (D:1)
  A frilled lizard (D:2)
  A rat (D:1)
15 creatures vanquished.

Notes
Turn   | Place    | Note
-------+----------+-------------------------------------------
     0 | D:1      | Borgoz the Gargoyle Berserker began the quest for the Orb.
     0 | D:1      | Reached XP level 1. HP: 14/14 MP: 1/1
   123 | D:1      | Reached XP level 2. HP: 19/19 MP: 2/2
   834 | D:2      | Noticed Jessica
   840 | D:2      | Slain by a giant cockroach

Levels and vault maps discovered:
D:1:      ncdulo_wetmaze, layout_basic, st_stairs_2, kennysheep_flooded_box
D:2:      layout_rooms, nicolae_overflow_hidden_temple, uniq_crazy_yiuf_cottage,
          uniq_jessica, uniq_natasha

Action                   || total
-------------------------++-------
Melee: Mace              ||    40
 Stab: Sleeping          ||     2
Armor: Animal skin       ||    11
Dodge: Dodged            ||    26

Table legend:
 A = Non-vault XP
 B = Vault XP
 C = Vault XP percentage of total XP
 D = Non-vault monster count
 E = Vault monster count
 F = Vault count percentage of total count
                 A         B        C        D         E       F
            +---------+---------+-------+---------+---------+-------
      Total |      29 |       3 |   9.4 |      13 |       2 |  13.3
            +---------+---------+-------+---------+---------+-------
        D:1 |      27 |       3 |  10.0 |      11 |       2 |  15.4
        D:2 |       2 |       0 |   0.0 |       2 |       0 |   0.0
            +---------+---------+-------+---------+---------+-------
